 Dungeon Crawl Stone Soup version 0.27-a0-334-g52645efa06 (webtiles) character file.

Game seed: 12060507413350387400

147 Chiseanne the Skirmisher (level 5, 26/42 HPs)
             Began as a Demonspawn Wanderer on Feb 13, 2021.
             Quit the game on level 4 of the Dungeon.
             The game lasted 00:05:23 (875 turns).

Chiseanne the Skirmisher (Demonspawn Wanderer)       Turns: 875, Time: 00:05:23

Health: 26/42      AC:  5    Str: 12    XL:     5   Next: 7%
Magic:  5/5        EV: 11    Int: 13    God:
Gold:   88         SH:  0    Dex: 14    Spells: 4/4 levels left

rFire    . . .     SeeInvis .   a - +2 rapier (speed)
rCold    . . .     Faith    .   (no shield)
rNeg     . . .     Spirit   .   g - +0 ring mail
rPois    .         Reflect  .   (helmet restricted)
rElec    .         Harm     .   (no cloak)
rCorr    .         Rampage  .   (no gloves)
Will     .....                  (no boots)
Stlth    +.........             (no amulet)
HPRegen  0.14/turn              (no ring)
MPRegen  0.09/turn              (no ring)

@: mighty
A: antennae 1, powered by pain 1
a: no special abilities


You were on level 4 of the Dungeon.
You visited 1 branch of the dungeon, and saw 4 of its levels.

You collected 88 gold pieces.

Inventory:

Hand Weapons
 a - a +2 rapier of speed (weapon)
 s - a +2 short sword of electrocution
Missiles
 c - 16 poisoned darts
 d - 15 stones (quivered)
 h - 3 boomerangs
 l - 43 arrows
Armour
 g - a +0 ring mail (worn)
Scrolls
 e - a scroll of teleportation
 j - a scroll of fear
Potions
 b - 3 potions of lignification
 f - a potion of ambrosia
 k - a potion of mutation
 m - a potion of berserk rage {unknown}


   Skills:
 * Level 4.0 Fighting
 - Level 1.0 Long Blades
 - Level 2.6 Polearms
 - Level 1.0 Throwing
 * Level 3.2 Dodging
 - Level 1.0 Stealth
 - Level 1.0 Evocations


You had 4 spell levels left.
You didn't know any spells.
Your spell library was empty.

Dungeon Overview and Level Annotations

Branches:
Dungeon (4/15)
 Temple: D:4-7

Altars:


Innate Abilities, Weirdness & Mutations

You have a pair of small antennae on your head.
You sometimes gain a little power by taking damage.


Message History

i - a scroll of identify The bat hits you but does no damage.
You hit the bat.
You kill the bat!
m - a puce potion
There is an escape hatch in the ceiling here.
There is a stone staircase leading down here.
As you read the scroll of identify, it crumbles to dust.
f - a potion of ambrosia You climb downwards.
You hear the hiss of flowing sand.
There is an entrance to an ossuary on this level.
Hurry and find it before the portal is buried!
A howler monkey comes into view.
The howler monkey howls!
There is a stone staircase leading up here.
You hit the howler monkey.
The howler monkey is lightly wounded.
The howler monkey closely misses you.
You closely miss the howler monkey.
The howler monkey is lightly wounded.
The howler monkey hits you!
You focus on the pain.
You feel very mighty all of a sudden.
You hit the howler monkey.
The howler monkey is heavily wounded.
The howler monkey hits you.
You barely miss the howler monkey.
The howler monkey is heavily wounded.
The howler monkey hoots and howls with incredible vigour!
You hear an angry hiss.
You puncture the howler monkey!
The howler monkey is almost dead.
The howler monkey hits you.
You puncture the howler monkey!
You kill the howler monkey!
Your Fighting skill increases to level 4!
Your Dodging skill increases to level 3!
You have reached level 5!
Your demonic ancestry asserts itself...
A pair of antennae grows on your head!
Are you sure you want to abandon this character and quit the game? (Confirm with "yes".)

#####≈#
#.....+
#<# #@#
#†.......
#.#######
#.# ..#
..# ..#
+#..


There were no monsters in sight!

Vanquished Creatures
  A howler monkey (D:4)
  Jessica (D:3)
  Terence (D:3)
  Natasha (D:3)
  An adder (D:3)
  A dart slug (D:3)
  2 giant cockroaches (D:3)
  4 goblins
  4 hobgoblins
  A quokka (D:3)
  2 bats
  A frilled lizard (D:1)
  4 kobolds (D:3)
  2 rats (D:3)
26 creatures vanquished.

Notes
Turn   | Place    | Note
-------+----------+-------------------------------------------
     0 | D:1      | Chiseanne the Demonspawn Wanderer began the quest for the
                  | Orb.
     0 | D:1      | Chiseanne set off with the following items: a +2 spear, a
                  | potion of lignification, a +0 falchion, a +0 robe
     0 | D:1      | Reached XP level 1. HP: 16/16 MP: 1/1
   319 | D:3      | Gained mutation: You sometimes gain a little power by
                  | taking damage. [demonic ancestry]
   319 | D:3      | Reached XP level 2. HP: 18/23 MP: 2/2
   355 | D:3      | Noticed Jessica
   362 | D:3      | Killed Jessica
   363 | D:3      | Reached skill level 3 in Fighting
   363 | D:3      | Reached XP level 3. HP: 24/29 MP: 3/3
   434 | D:2      | Noticed Terence
   441 | D:3      | Killed Terence
   442 | D:3      | Reached XP level 4. HP: 34/35 MP: 4/4
   446 | D:3      | Noticed Natasha
   462 | D:3      | Killed Natasha
   875 | D:4      | Reached skill level 4 in Fighting
   875 | D:4      | Gained mutation: You have a pair of small antennae on your
                  | head. [demonic ancestry]
   875 | D:4      | Reached XP level 5. HP: 26/42 MP: 5/5
   875 | D:4      | Quit the game

Illustrated notes

Levels and vault maps discovered:
D:1:      giann_forest_graveyard, layout_rooms
D:2:      layout_loops_ring, overflow_temple_1_default, marbit_many_paths,
          bloody_trog, yredelemnul_altar_generic, uniq_crazy_yiuf_cottage,
          uniq_terence
D:3:      layout_basic, uniq_natasha, uniq_jessica
D:4:      minmay_recursive_quarters, layout_basic, kennysheep_little_box,
          nicolae_overflow_crystal_walls, kennysheep_mini_moat,
          lightli_ossuary_entry_decrepit_ruins, serial_shops, shop

Skill      XL: |  1  2  3  4 |
---------------+-------------+-----
Fighting       | 3 4 |  4.0
Dodging        | 2 3 |  3.2
Long Blades    | |  1.0
Polearms       | |  2.6
Throwing       | |  1.0
Stealth        | |  1.0
Evocations     | |  1.0

Action                   |  1- 3 |  4- 6 || total
-------------------------+-------+-------++-------
Melee: Spear             |    39 |       ||    39
       Rapier            |     4 |    38 ||    42
  Use: Scroll            |       |     6 ||     6
Armor: Ring mail         |     7 |     8 ||    15
Dodge: Dodged            |    23 |    15 ||    38

Table legend: (Time is in decaauts)
 A = Elapsed time spent in this place.
 B = Non-inter-level travel time spent in this place.
 C = Inter-level travel time spent in this place.
 D = Time resting spent in this place.
 E = Time spent auto-exploring this place.
 F = Levels seen in this place.
 G = Mean time per level.
                   A        B        C        D        E       F      G
               +--------+--------+--------+--------+--------+-----+--------+
         Total |    870 |    870 |      0 |    298 |      0 |   4 |  217.5 |
       Dungeon |    870 |    870 |      0 |    298 |      0 |   4 |  217.5 |
               +--------+--------+--------+--------+--------+-----+--------+

Top non-repeatable levels by time:
     D:3: 583 daAuts
     D:1: 233 daAuts
     D:2: 47 daAuts
     D:4: 6 daAuts
